 Dungeon Crawl Stone Soup version 0.22.1-2-g9c5b331 (webtiles) character file.

276659 Fang the Executioner (level 20, -9/144 HPs)
             Began as a Gargoyle Berserker on Dec 9, 2018.
             Was a High Priest of Trog.
             Mangled by an orc knight
             ... wielding a +0 broad axe
              (18 damage)
             ... on level 15 of the Dungeon on Dec 11, 2018.
             The game lasted 01:44:01 (48209 turns).

Fang the Executioner (Gargoyle Berserker)          Turns: 48209, Time: 01:44:02

Health: -9/144     AC: 49    Str: 31    XL:     20   Next: 78%
Magic:  20/20      EV: 30    Int:  8    God:    Trog [*****.]
Gold:   2140       SH:  0    Dex: 11    Spells: 19/19 levels left

rFire    + + .     SeeInvis +   W - +5 hand axe of Ockyntac {holy, rF+ Str+4}
rCold    + . .     Gourm    .   (no shield)
rNeg     + . .     Faith    .   H - +7 plate armour
rPois    ∞         Spirit   .   L - +2 helmet
rElec    +         Reflect  .   Z - +0 cloak "Ceeproyts" {+Blink Regen+ rCorr Str-3}
rCorr    +         Harm     .   F - +2 pair of gloves
MR       +....     Clarity  +   (no boots)
Stlth    ..........             l - amulet of the acrobat
HPRegen  0.00/turn              f - +4 ring of evasion
MPRegen  0.17/turn              e - ring of see invisible

@: berserk cooldown, flying, slowed, studying Dodging, very slow
A: big wings, thin skeletal structure 1, blink, clarity, cold resistance 1, fire
resistance 1, negative energy resistance 1, electricity resistance, inhibited
regeneration, unbreathing, petrification resistance, rot immunity, AC +15
}: 1/15 runes: barnacled
a: Stop Flying, Blink, Berserk, Trog's Hand, Brothers in Arms, Renounce
Religion, Evoke Blink


You were on level 15 of the Dungeon.
You worshipped Trog.
Trog was extremely pleased with you.
You were near starving.

You visited 9 branches of the dungeon, and saw 36 of its levels.
You visited the Abyss 4 times.
You visited 1 bazaar.
You also visited: Ossuary and Wizlab.

You collected 3735 gold pieces.
You spent 1595 gold pieces at shops.

Inventory:

Hand Weapons
 u - a +6 executioner's axe of venom
 w - the +1 battleaxe of the Battered Eyes {chop, +Inv +Fly}
   (You found it on level 4 of the Shoals)

   It inflicts extra damage upon your enemies.
   It lets you turn invisible.
   It lets you fly.
 D - a +1 war axe of protection
 O - a +2 battleaxe of flaming
 P - a +4 battleaxe of electrocution
 T - a +3 executioner's axe of chopping
 U - the +7 hand axe "Yntank" {freeze, Int+5}
   (You found it on level 1 of the Vaults)

   It has been specially enchanted to freeze those struck by it, causing extra
   injury to most foes and up to half again as much damage against particularly
   susceptible opponents.
   It can also slow down cold-blooded creatures.
   It affects your intelligence (+5).
 W - the +5 hand axe of Ockyntac (weapon) {holy, rF+ Str+4}
   (You bought it in a shop on level 2 of the Orcish Mines)

   It has been blessed by the Shining One to cause great damage to the undead
   and demons.
   It affects your strength (+4).
   It protects you from fire.
 Y - the +5 war axe of Ejysuimopt {chop, Stlth+}
   (You found it on level 1 of the Elven Halls)

   It inflicts extra damage upon your enemies.
   It makes you more stealthy.
Armour
 C - a scarf of repulsion
 F - a +2 pair of gloves (worn)
 H - a +7 plate armour (worn)
 L - a +2 helmet (worn)
 V - the +0 cloak of Loss {*Corrode rN+ MR+ Stlth+}
   (You bought it in a shop on level 2 of the Orcish Mines)

   It protects you from negative energy.
   It affects your resistance to hostile enchantments.
   It may corrode you when you take damage.
   It makes you more stealthy.
 Z - the +0 cloak "Ceeproyts" (worn) {+Blink Regen+ rCorr Str-3}
   (You found it on level 2 of the Orcish Mines)

   It affects your strength (-3).
   It lets you blink.
   It increases your rate of regeneration.
   It provides partial protection from all sources of acid and corrosion.
Jewellery
 e - a ring of see invisible (right hand)
 f - a +4 ring of evasion (left hand)
 i - the ring of Phasing {EV+8}
   (You found it on level 3 of the Elven Halls)

   [ring of evasion]

   It affects your evasion (+8).
 l - an amulet of the acrobat (around neck)
Wands
 a - a wand of polymorph (37)
 j - a wand of enslavement (30)
 o - a wand of clouds (12)
 r - a wand of flame (75)
 y - a wand of iceblast (31)
 z - a wand of random effects (43)
 B - a wand of paralysis (18)
 I - a wand of digging (20)
 K - a wand of disintegration (48)
 R - a wand of acid (19)
Scrolls
 b - 4 scrolls of blinking
 d - a scroll of brand weapon
 g - 10 scrolls of remove curse
 m - 11 scrolls of teleportation
 q - 3 scrolls of fog
 v - 3 scrolls of fear
 x - 2 scrolls of magic mapping
 N - a scroll of summoning
Potions
 h - 9 potions of curing
 k - 7 potions of agility
 n - 7 potions of haste
 p - 2 potions of cancellation
 s - 3 potions of ambrosia
 t - a potion of heal wounds
 A - 3 potions of invisibility
 E - 2 potions of brilliance
 M - 3 potions of magic
 S - 4 potions of might
Books
 Q - a manual of Dodging
Miscellaneous
 G - a lamp of fire
Comestibles
 c - 27 rations


   Skills:
 + Level 21.0 Fighting
 + Level 21.0 Axes
 + Level 17.6 Armour
 + Level 6.7 Dodging
 + Level 4.8 Stealth
 + Level 0.2 Evocations


You had 19 spell levels left.
You didn't know any spells.
Your spell library was empty.

Dungeon Overview and Level Annotations

Branches:
Dungeon (15/15)            Temple (1/1) D:6            Lair (6/6) D:9
 Shoals (4/4) Lair:4       Spider (0/4) Lair:3        Slime (0/5) Lair:5
    Orc (2/2) D:9             Elf (3/3) Orc:2        Vaults (3/5) D:14
  Crypt (1/3) Vaults:2     Depths (1/5) D:15

Altars:
Ashenzari
Cheibriados
Elyvilon
Gozag
Hepliaklqana
Nemelex Xobeh
Qazlal
Trog
Uskayaw
Vehumet
Xom
Yredelemnul
Beogh
Jiyva

Shops:
D:5 !   D:7 (   D:14 *   Orc:1 %   Orc:2 *[?[(   Elf:1 :   Shoals:2 (!*=(
Shoals:4 *   Vaults:1 (   Vaults:2 *

Portals:
Hell: Depths:1
Ziggurat: Depths:1
Trove: D:10 (give 23 scrolls of identify)

Annotations:
D:6 2 transporters
D:14 exclusions: obsidian statue and orange crystal statue
Elf:2 5 runed doors
Vaults:2 Mennas


Innate Abilities, Weirdness & Mutations

You are resistant to torment.
Your stone body is resilient. (AC +15)
You are immune to poison.
Your large and strong wings let you fly indefinitely.
You resist negative energy. (rN+)
You are resistant to electric shocks. (rElec)
You can survive without breathing.
You are immune to petrification.
You are immune to rotting.
You have a somewhat thin skeletal structure. (Dex +2, Stealth)
You can translocate small distances at will.
You possess an exceptional clarity of mind.
Your flesh is cold resistant. (rC+)
Your flesh is heat resistant. (rF+)
You do not regenerate when monsters are visible.


Message History

The orc warrior completely misses you.
You slash the orc warrior!
The orc warrior is heavily wounded.
You hit the orc knight but do no damage.
Your plate armour prevents you from hitting the orc knight.
The orc knight hits you with a broad axe.
The orc knight hits you with a great mace!!
* * * LOW HITPOINT WARNING * * *
Your ogre goes berserk!
You are near starving!
The orc warrior hits you but does no damage.
The orc knight barely misses you.
The orc knight hits your ogre with a broad axe!
The orc knight hits you with a great mace!
* * * LOW HITPOINT WARNING * * *
The orc warrior hits you with a war axe!
* * * LOW HITPOINT WARNING * * *
Your ogre hits the orc knight with a giant spiked club!!
The orc knight hits you with a broad axe!!
You die...

####.#.............≈≈≈
#######8#.####.#####≈≈
#8.....#.#.# #.######≈
#..##..#.#.# #.....###
#..8#..#.#.########.###
#..##..#.#..)...# #.#..
#"...#.#.#####.## #.#..
#[...#.))##.##.# #.#..
#_.8.#@oO.#....# #.#..
#[..o#)o..#.#### #.#..
#)...#o#....# #.###
#..##oo#.≈##### #.# #
#..8#..#.≈≈#≈≈## #.# #
#..##..#.≈≈≈≈≈≈####'###
#8.....#.≈≈≈≈≈≈≈#.)))..
########8≈≈≈≈≈≈≈#......
#≈≈≈≈#....##......


You could see 2 orc knights, 2 orc warriors, an orc priest, an orc and a
friendly ogre (berserk).

Vanquished Creatures
  An ancient lich (Abyss:2)
  A juggernaut (Depths:1)
  Boris (Vaults:2)
  Nikola (Shoals:2)
  2 deep elf blademasters (Elf:3)
  2 deep elf master archers (Elf:3)
  A kraken (Shoals:2)
  Polyphemus (Shoals:1)
  A tentacled starspawn (Abyss:2)
  Agnes (D:15)
  Kirke (Elf:1)
  A tengu reaver (Depths:1)
  Donald (Elf:1)
  A revenant (Vaults:2)
  Ilsuiw (Shoals:4)
  2 azure jellies (Lair:5)
  2 fire giants (Depths:1)
  The ghost of Gorgoleon the Tortoise, a journeyman MiBe of Trog (D:15)
  Louise (Elf:1)
  3 deep elf sorcerers (Elf:3)
  3 orc warlords (Orc:2)
  A vault warden (Vaults:3)
  An ironheart preserver (Vaults:2)
  The ghost of math4jedi the Warrior, a journeyman MiBe of Trog (Orc:2)
  4 deep elf elementalists
  3 very ugly things
  A vampire knight (Vaults:2)
  2 stone giants
  An ophan (Abyss:2)
  A dire elephant (Lair:6)
  6 deep elf demonologists (Elf:3)
  7 deep elf annihilators
  The ghost of Quoq the Geomancer, a journeyman GrEE of Vehumet (Orc:1)
  An eidolon (Vaults:2)
  9 deep elf death magi
  2 ettins (Orc:2)
  5 merfolk javelineers (Shoals:4)
  11 merfolk impalers
  A jiangshi (Vaults:2)
  3 deep elf high priests (Elf:3)
  Josephine (D:13)
  3 great orbs of eyes
  2 rakshasas (Abyss:2)
  3 yaktaur captains
  A naga warrior (Abyss:2)
  Harold (D:7)
  2 catoblepae
  14 two-headed ogres
  3 centaur warriors
  A death knight (Vaults:2)
  A satyr (Shoals:4)
  4 ogre magi
  4 merfolk aquamancers
  8 dancing weapons
  2 tengu warriors (Depths:1)
  12 death yaks
  A deep troll earth mage (Depths:1)
  A deep troll shaman (Lair:6)
  Urug (Lair:5)
  2 orc high priests
  4 thrashing horrors (Abyss:2)
  A titan skeleton (Abyss:2)
  A soul eater (Vaults:2)
  2 wretched stars (Abyss:2)
  7 deep elf knights
  An iron troll (D:14)
  5 skeletal warriors
  A shadow wraith (Abyss:2)
  4 unseen horrors
  2 wizards
  10 sea snakes
  A flayed ghost (Depths:1)
  10 orc knights
  11 deep elf archers
  A glowing orange brain (Depths:1)
  9 harpies
  4 ironbrand convokers (Vaults:1)
  A wolf spider zombie (D:15)
  A harpy (shapeshifter) (Vaults:1)
  Pikel (D:7)
  An orb spider (Lair:3)
  A necromancer (D:14)
  21 ugly things
  48 deep elf magi
  6 orc sorcerers
  A wolf spider (Vaults:1)
  A salamander (Abyss:2)
  12 fauns
  12 elephants
  11 manticores
  4 cyclopes
  A rust devil (Abyss:2)
  7 black mambas
  7 water nymphs
  2 apocalypse crabs (Abyss:2)
  An orange demon (Abyss:2)
  10 merfolk sirens
  An eye of devastation (Abyss:2)
  A guardian serpent (Abyss:2)
  A naga mage (Abyss:2)
  A water nymph (shapeshifter) (Depths:1)
  10 spiny frogs
  14 large abominations
  A gargoyle (D:14)
  A rime drake (shapeshifter) (D:15)
  An efreet (Abyss:2)
  2 komodo dragons (shapeshifter)
  A kobold demonologist (D:13)
  2 rime drakes
  13 yaktaurs
  An ancient zyme (Abyss:3)
  5 komodo dragons
  4 freezing wraiths
  A merfolk (shapeshifter) (Vaults:2)
  9 trolls
  38 merfolk
  4 tengu conjurers
  6 slime creatures (D:15)
  Grinder (D:6)
  2 polar bears (shapeshifter)
  A hornet (D:8)
  14 raiju
  3 wind drakes
  25 blink frogs
  A blink frog (shapeshifter) (D:15)
  10 snapping turtles
  23 hippogriffs
  10 starcursed masses (Abyss:2)
  A ynoxinul (Abyss:3)
  7 air elementals
  A shadow (D:15)
  14 water elementals
  25 yaks
  A wyvern (D:14)
  10 wraiths
  5 hogs (Elf:1)
  7 golden eyes (Abyss:2)
  2 fire elementals
  5 hungry ghosts
  A neqoxec (Abyss:2)
  A chaos spawn (Abyss:2)
  3 basilisks
  3 acid dragons (Vaults:1)
  7 wargs
  A naga (Abyss:2)
  A soldier ant (D:15)
  4 hell hounds
  4 porcupines
  13 water moccasins
  39 orc warriors
  4 ice beasts
  3 black bears (Lair:6)
  3 sky beasts
  A spiny frog skeleton (Abyss:2)
  2 phantoms
  4 slaves (D:7)
  2 eyes of draining
  4 boggarts
  An eye of draining (shapeshifter) (Vaults:2)
  13 centaurs
  12 ogres
  18 wolves
  23 crocodiles
  2 big kobolds
  20 bullfrogs
  An earth elemental (Elf:3)
  A gnoll sergeant (D:8)
  A human simulacrum (Vaults:1)
  16 small abominations
  A scorpion (D:8)
  15 killer bees
  3 howler monkeys
  4 electric eels
  7 crimson imps
  5 jellies
  2 centaur zombies
  37 orc priests
  Crazy Yiuf (D:2)
  3 centaur skeletons
  2 bullfrog skeletons
  3 hounds
  31 orc wizards
  An iron imp (Abyss:2)
  11 iguanas
  7 worker ants
  A killer bee zombie (D:7)
  A deep dwarf zombie (Crypt:1)
  3 mummies (Ossuary)
  A worker ant zombie (D:10)
  Robin (D:3)
  4 gnolls (D:8)
  9 adders
  3 shadow imps
  A white imp (Depths:1)
  2 ufetubi (Abyss:2)
  2 oozes
  An adder skeleton (D:4)
  4 worms
  4 dart slugs
  6 leopard geckos
  104 orcs
  5 ball pythons
  5 giant cockroaches
  3 gnoll zombies (Ossuary)
  16 goblins
  11 hobgoblins
  14 jackals
  3 quokkas
  10 bats
  8 frilled lizards
  3 gnoll skeletons (Ossuary)
  3 goblin zombies (Ossuary)
  3 hobgoblin skeletons (Ossuary)
  A hobgoblin zombie (Ossuary)
  19 kobolds
  A kobold skeleton (Ossuary)
  2 kobold zombies (Ossuary)
  A leopard gecko skeleton (D:7)
  5 orc zombies (Ossuary)
  A quokka skeleton (D:7)
  12 rats
  A rat skeleton (Ossuary)
  4 fungi
  A lurking horror (Abyss:2)
  9 plants
  2 starspawn tentacles (Abyss:2)
  3 tentacles (Shoals:2)
1299 creatures vanquished.

Vanquished Creatures (collateral kills)
  A tentacled starspawn (Abyss:2)
  An azure jelly (Lair:5)
  A deep elf sorcerer (Elf:3)
  An orc warlord (Orc:2)
  2 very ugly things (Vaults:2)
  2 stone giants
  2 deep elf annihilators (Elf:3)
  Azrael (D:15)
  A merfolk javelineer (Shoals:4)
  A merfolk impaler (Shoals:4)
  2 ice dragons (Depths:1)
  5 hydras
  A merfolk avatar (Shoals:4)
  2 satyrs
  A deep troll earth mage (Depths:1)
  A wretched star (Abyss:2)
  An unseen horror (D:15)
  A lindwurm (Lair:3)
  An ironbrand convoker (Vaults:3)
  2 ugly things (Vaults:2)
  A spiny frog (Lair:3)
  2 komodo dragons
  A merfolk (Shoals:4)
  A snapping turtle (Shoals:4)
  3 blink frogs
  A shadow (D:15)
  A fire elemental (D:15)
  2 hell hounds (D:15)
  An orc warrior (Orc:2)
  A bullfrog (Lair:4)
  2 orc priests (Orc:2)
  A fungus (Lair:6)
  A starspawn tentacle (Abyss:2)
48 creatures vanquished.

Vanquished Creatures (others)
  A merfolk aquamancer (Shoals:4)
  A merfolk siren (Shoals:2)
  A wraith (D:13)
  Menkaure (Ossuary)
  An orc (D:7)
  3 gnoll skeletons (Ossuary)
  2 gnoll zombies (Ossuary)
  2 goblin skeletons (Ossuary)
  A goblin zombie (Ossuary)
  6 hobgoblin skeletons (Ossuary)
  2 hobgoblin zombies (Ossuary)
  3 kobold skeletons (Ossuary)
  3 kobold zombies (Ossuary)
  2 orc zombies (Ossuary)
  3 rat skeletons (Ossuary)
  A rat zombie (Ossuary)
  3 fungi (Lair:6)
  A lurking horror (Abyss:2)
  3 plants (Lair:6)
  4 starspawn tentacles (Abyss:2)
  3 tentacles (Shoals:2)
47 creatures vanquished.

Grand Total: 1394 creatures vanquished

Notes
Turn   | Place    | Note
-------+----------+-------------------------------------------
     0 | D:1      | Fang the Gargoyle Berserker began the quest for the Orb.
     0 | D:1      | Reached XP level 1. HP: 14/14 MP: 1/1
    92 | D:1      | Reached XP level 2. HP: 18/19 MP: 2/2
   463 | D:1      | Reached XP level 3. HP: 24/24 MP: 3/3
   764 | D:1      | Reached ** piety under Trog
   991 | D:2      | Reached XP level 4. HP: 18/29 MP: 4/4
  1450 | D:2      | Found a runed door.
  1760 | D:2      | Reached XP level 5. HP: 33/33 MP: 5/5
  1875 | D:2      | Noticed Crazy Yiuf
  1888 | D:2      | Killed Crazy Yiuf
  2192 | D:3      | Noticed Robin
  2196 | D:3      | Reached *** piety under Trog
  2205 | D:3      | Killed Robin
  2399 | D:3      | Found a shimmering altar of Xom.
  2503 | D:3      | Reached XP level 6. HP: 38/38 MP: 6/6
  3124 | D:4      | Reached skill level 5 in Axes
  3285 | D:4      | Reached **** piety under Trog
  3384 | D:4      | Reached XP level 7. HP: 43/44 MP: 7/7
  3673 | D:5      | Entered Level 5 of the Dungeon
  3750 | D:5      | Found a hide-covered altar of Uskayaw.
  3902 | D:5      | Found Mofraub's Distillery.
  3944 | D:5      | Found a sand-covered staircase.
  3948 | Ossuary  | Entered an ossuary
  4155 | Ossuary  | Killed Menkaure
  4370 | Ossuary  | Reached skill level 5 in Fighting
  5141 | D:6      | Found a transporter.
  5165 | D:6      | Found a transporter.
  5166 | D:6      | Noticed Grinder
  5184 | D:6      | Killed Grinder
  5184 | D:6      | Reached XP level 8. HP: 47/50 MP: 8/8
  5590 | D:6      | Found a bloodstained altar of Trog.
  5663 | D:6      | Reached skill level 5 in Armour
  5801 | D:6      | Found a shattered altar of Ashenzari.
  5847 | D:6      | Found a staircase to the Ecumenical Temple.
  6165 | Temple   | Entered the Ecumenical Temple
  6234 | D:7      | Killed an unseen horror
  6234 | D:7      | Reached skill level 1 in Stealth
  6234 | D:7      | Reached XP level 9. HP: 44/56 MP: 9/9
  6236 | D:7      | Found Utiamaho's Antique Weapon Shop.
  6362 | D:7      | Noticed Harold
  6362 | D:7      | Noticed Pikel
  6373 | D:7      | Killed Harold
  6373 | D:7      | Reached ***** piety under Trog
  6380 | D:7      | Killed Pikel
  6416 | D:7      | Reached XP level 10. HP: 43/63 MP: 10/10
  6639 | D:7      | Found an opulent altar of Gozag.
  7279 | D:8      | Reached skill level 10 in Axes
  7532 | D:8      | Found a snail-covered altar of Cheibriados.
  7760 | D:8      | Found a stormy altar of Qazlal.
  7898 | D:8      | Found a white marble altar of Elyvilon.
  8098 | D:9      | Found a staircase to the Orcish Mines.
  8132 | D:9      | Found a staircase to the Lair.
  8133 | D:9      | Noticed a two-headed ogre
  8149 | D:9      | Killed a two-headed ogre
  8214 | D:9      | Found a sparkling altar of Nemelex Xobeh.
  8226 | D:9      | Reached XP level 11. HP: 69/69 MP: 11/11
  8284 | D:9      | Received a gift from Trog
  8381 | D:9      | Found a basalt altar of Yredelemnul.
  9033 | D:10     | Entered Level 10 of the Dungeon
  9104 | D:10     | Paralysed by fainting for 8 turns
  9330 | D:10     | Found a portal to a secret trove of treasure.
  9572 | D:10     | Killed an unseen horror
  9929 | Lair:1   | Entered Level 1 of the Lair of Beasts
 10301 | Lair:1   | Reached skill level 10 in Fighting
 10853 | Lair:1   | Reached XP level 12. HP: 77/77 MP: 12/12
 10982 | Lair:1   | Received a gift from Trog
 12371 | Lair:3   | Noticed a five-headed hydra
 12375 | Lair:3   | Killed a five-headed hydra
 12386 | Lair:3   | Reached skill level 10 in Armour
 12732 | Lair:3   | Noticed a seven-headed hydra
 12743 | Lair:3   | Killed a ten-headed hydra
 12743 | Lair:3   | Received a gift from Trog
 13060 | Lair:3   | Found a hole to the Spider Nest.
 13885 | Lair:4   | Noticed a death yak
 13886 | Lair:4   | Noticed a death yak
 13890 | Lair:4   | Noticed a death yak
 13890 | Lair:4   | Noticed a death yak
 13893 | Lair:4   | Noticed a death yak
 13898 | Lair:4   | Killed a death yak
 13898 | Lair:4   | Noticed a death yak
 13905 | Lair:4   | Killed a death yak
 13908 | Lair:4   | Killed a death yak
 13908 | Lair:4   | Reached XP level 13. HP: 85/85 MP: 13/13
 14423 | Lair:4   | Found a staircase to the Shoals.
 14860 | Lair:4   | Reached skill level 5 in Dodging
 15312 | Lair:4   | You fall through a shaft for 2 floors!
 15312 | Lair:6   | Entered Level 6 of the Lair of Beasts
 15351 | Lair:5   | Found a runed door.
 15351 | Lair:5   | Found a viscous altar of Jiyva.
 15351 | Lair:5   | Found a staircase to the Slime Pits.
 15351 | Lair:5   | Noticed an azure jelly
 15351 | Lair:5   | Noticed an azure jelly
 15351 | Lair:5   | Noticed an azure jelly
 15540 | Lair:5   | Noticed Urug
 15598 | Lair:5   | Killed Urug
 16312 | Lair:5   | Killed an azure jelly
 16328 | Lair:5   | Killed an azure jelly
 16328 | Lair:5   | Reached skill level 15 in Axes
 16334 | Lair:5   | Killed an azure jelly
 16570 | Lair:6   | Received a gift from Trog
 16577 | Lair:6   | Gained mutation: Your large and strong wings let you fly
                  | indefinitely. [Gargoyle growth]
 16577 | Lair:6   | Reached XP level 14. HP: 73/92 MP: 14/14
 17148 | Lair:6   | Noticed a dire elephant
 17171 | Lair:6   | Killed a dire elephant
 18768 | D:11     | Gained mutation: Your flesh is cold resistant. (rC+)
                  | [potion of mutation]
 18768 | D:11     | Gained mutation: You possess an exceptional clarity of
                  | mind. [potion of mutation]
 18768 | D:11     | Gained mutation: You can translocate small distances at
                  | will. [potion of mutation]
 18768 | D:11     | Gained mutation: You have a somewhat thin skeletal
                  | structure. (Dex +2, Stealth) [potion of mutation]
 19599 | D:12     | Found a hazy altar of Hepliaklqana.
 19788 | D:13     | Noticed Josephine
 19810 | D:13     | Killed Josephine
 20626 | D:14     | Reached XP level 15. HP: 87/100 MP: 15/15
 20802 | D:14     | Reached ****** piety under Trog
 20804 | D:14     | Received a gift from Trog
 21139 | D:14     | Found Yrupros's Elemental Accessories.
 21291 | D:14     | Found a gate to the Vaults.
 21742 | D:15     | Entered Level 15 of the Dungeon
 21872 | D:15     | Noticed Azrael
 21884 | D:15     | Killed Azrael
 22365 | D:15     | Found a runed gate.
 22370 | D:15     | Found a runed gate.
 22370 | D:15     | Noticed Gorgoleon's ghost (journeyman MiBe)
 22375 | D:15     | Found a roughly hewn altar of Beogh.
 22375 | D:15     | Found a runed gate.
 22377 | D:15     | Found the +2 cloak of the Thief {+Fog Slay-2 SInv Stlth+}
 22645 | D:15     | Noticed Agnes
 22663 | D:15     | Killed Agnes
 22921 | D:15     | Found a staircase to the Depths.
 23144 | Depths:1 | Entered Level 1 of the Depths
 23330 | Orc:1    | Entered Level 1 of the Orcish Mines
 23355 | Orc:1    | Received a gift from Trog
 23407 | Orc:1    | Found a runed door.
 23411 | Orc:1    | Noticed Quoq's ghost (journeyman GrEE)
 23418 | Orc:1    | Found Xuirexin's Food Boutique.
 23456 | Orc:1    | Killed Quoq's ghost
 23663 | Orc:2    | Entered Level 2 of the Orcish Mines
 23665 | Orc:2    | Noticed an orc warlord
 23667 | Orc:2    | Reached skill level 15 in Fighting
 23685 | Orc:2    | Killed an orc warlord
 23808 | Orc:2    | Found a staircase to the Elven Halls.
 24040 | Orc:2    | Noticed an orc warlord
 24057 | Orc:2    | Killed an orc warlord
 24057 | Orc:2    | Reached XP level 16. HP: 71/108 MP: 16/16
 24061 | Orc:2    | Found a roughly hewn altar of Beogh.
 24071 | Orc:2    | Received a gift from Trog
 24324 | Orc:2    | Found Oruuc's Antique Armour Shoppe.
 24331 | Orc:2    | Bought a brightly glowing cloak for 361 gold pieces
 24336 | Orc:2    | Identified the cursed +0 cloak of Loss {*Corrode rN+ MR+
                  | Stlth+} (You bought it in a shop on level 2 of the Orcish
                  | Mines)
 24549 | Orc:2    | Found a runed gate.
 24549 | Orc:2    | Found a runed gate.
 24551 | Orc:2    | Found a runed gate.
 24576 | Orc:2    | Noticed math4jedi's ghost (journeyman MiBe)
 24741 | Orc:2    | Found Juticac's Antique Armour Shop.
 24747 | Orc:2    | Found a roughly hewn altar of Beogh.
 24751 | Orc:2    | Found Lotuan's Antique Weapon Boutique.
 24868 | Orc:2    | Bought a crystal hand axe for 280 gold pieces
 24868 | Orc:2    | Identified the +5 hand axe of Ockyntac {holy, rF+ Str+4}
                  | (You bought it in a shop on level 2 of the Orcish Mines)
 24930 | Orc:2    | Found a roughly hewn altar of Beogh.
 25016 | Orc:2    | Found a roughly hewn altar of Beogh.
 25020 | Orc:2    | Found Fapiq's General Store.
 25038 | Orc:2    | Bought a scroll of acquirement for 624 gold pieces
 25229 | Orc:2    | Found a roughly hewn altar of Beogh.
 25236 | Orc:2    | Found Zochaj's Magic Scroll Boutique.
 25245 | Orc:2    | Received a gift from Trog
 25295 | Orc:2    | Found a roughly hewn altar of Beogh.
 25309 | Orc:2    | Found a roughly hewn altar of Beogh.
 25658 | Orc:2    | Killed math4jedi's ghost
 26352 | Orc:2    | Got a smoking cloak
 26363 | Orc:2    | Identified the cursed +0 cloak "Ceeproyts" {+Blink Regen+
                  | rCorr Str-3} (You found it on level 2 of the Orcish Mines)
 26889 | Shoals:1 | Entered Level 1 of the Shoals
 27963 | Shoals:2 | Found Xiacomiu's Weapon Shoppe.
 28005 | Shoals:2 | Noticed Polyphemus
 28115 | Shoals:2 | Noticed Nikola
 28145 | Shoals:1 | Killed Polyphemus
 28386 | Shoals:2 | Killed Nikola
 28508 | Shoals:2 | Found Amoezu's Jewellery Boutique.
 28569 | Shoals:2 | Found Xoss's General Store.
 28724 | Shoals:2 | Found Baschaikh's Weapon Shoppe.
 28762 | Shoals:2 | Received a gift from Trog
 28976 | Shoals:2 | Noticed a kraken
 28993 | Shoals:2 | Killed a kraken
 29113 | Shoals:2 | Found Guam's Distillery.
 29121 | Shoals:2 | Bought a potion of heal wounds for 95 gold pieces
 29121 | Shoals:2 | Bought a potion of heal wounds for 95 gold pieces
 29501 | Shoals:3 | Reached XP level 17. HP: 104/116 MP: 17/17
 30359 | Shoals:4 | Entered Level 4 of the Shoals
 30773 | Shoals:4 | Noticed Ilsuiw
 30807 | Shoals:4 | Killed Ilsuiw
 30807 | Shoals:4 | Reached skill level 15 in Armour
 30819 | Shoals:4 | Received a gift from Trog
 31020 | Shoals:4 | Found Etwanun's General Store.
 31174 | Shoals:4 | Got a brightly glowing battleaxe
 31175 | Shoals:4 | Identified the cursed +1 battleaxe of the Battered Eyes
                  | {chop, +Inv +Fly} (You found it on level 4 of the Shoals)
 31452 | Shoals:4 | Got a barnacled rune of Zot
 31566 | Shoals:4 | Found the +7 Singing Sword
 33005 | Elf:1    | Entered Level 1 of the Elven Halls
 33223 | Elf:1    | Received a gift from Trog
 33299 | Elf:1    | Noticed Kirke
 33326 | Elf:1    | Found Iluaj's Assorted Antiques.
 33471 | Elf:1    | Found Homaynem's Book Boutique.
 33534 | Elf:1    | Found a magical portal.
 33540 | Elf:1    | Noticed Louise
 33553 | WizLab   | Entered Cigotuvi's Fleshworks
 33671 | Elf:1    | Killed Louise
 33678 | Elf:1    | Noticed Donald
 33719 | Elf:1    | Killed Donald
 33914 | Elf:1    | Reached XP level 18. HP: 124/124 MP: 18/18
 33937 | Elf:1    | Killed Kirke
 34367 | Elf:1    | Found Vacucwys's Weapon Shoppe.
 34546 | Elf:1    | Got a bloodstained war axe
 34547 | Elf:1    | Identified the +5 war axe of Ejysuimopt {chop, Stlth+} (You
                  | found it on level 1 of the Elven Halls)
 35734 | Elf:2    | Found a huge runed gate.
 35734 | Elf:2    | Found a huge runed gate.
 35735 | Elf:2    | Found a huge runed gate.
 35736 | Elf:2    | Found a huge runed gate.
 35752 | Elf:2    | Found a huge runed gate.
 35849 | Elf:3    | Entered Level 3 of the Elven Halls
 35976 | Elf:3    | Received a gift from Trog
 36248 | Elf:3    | Found a gateway to a bazaar.
 36266 | Bazaar   | Entered a bazaar
 36285 | Bazaar   | Found Samigo's Assorted Antiques.
 36298 | Bazaar   | Found Pihao's Armour Shop.
 36328 | Bazaar   | Found Hudablau's Food Shop.
 36328 | Bazaar   | Found Uwko's Book Boutique.
 36480 | Elf:3    | Found a radiant altar of Vehumet.
 36827 | Elf:3    | Noticed a deep elf blademaster
 36835 | Elf:3    | Noticed a deep elf blademaster
 36850 | Elf:3    | Noticed a deep elf master archer
 36851 | Elf:3    | Killed a deep elf blademaster
 36854 | Elf:3    | Noticed a deep elf master archer
 37480 | Elf:3    | Cast into level 3 of the Abyss (a deep elf sorcerer)
 37481 | Abyss:3  | Found a corrupted altar of Lugonu.
 37563 | Elf:3    | Escaped the Abyss
 37572 | Elf:3    | Noticed a Tzitzimitl
 37579 | Elf:3    | Killed a deep elf master archer
 37596 | Elf:3    | Noticed a Brimstone Fiend
 37630 | Elf:3    | Gained mutation: Your flesh is heat resistant. (rF+) [a
                  | cacodemon]
 37709 | Elf:3    | Cast into level 2 of the Abyss (a deep elf demonologist)
 38267 | Abyss:2  | Received a gift from Trog
 38353 | Elf:3    | Escaped the Abyss
 38369 | Elf:3    | Killed a ghostly deep elf blademaster
 38399 | Elf:3    | Reached XP level 19. HP: 105/132 MP: 6/17
 38569 | Elf:3    | Noticed a Brimstone Fiend
 38726 | Elf:3    | Cast into level 2 of the Abyss (a deep elf demonologist)
 38782 | Abyss:2  | Gained mutation: You do not regenerate when monsters are
                  | visible. [a neqoxec]
 39065 | Elf:3    | Escaped the Abyss
 39069 | Elf:3    | Noticed a Tzitzimitl
 39070 | Elf:3    | Noticed a Tzitzimitl
 39645 | Elf:3    | Received a gift from Trog
 39722 | Elf:3    | Found the ring of Phasing {EV+8}
 39730 | Elf:3    | Cast into level 2 of the Abyss (a deep elf demonologist)
 40108 | Abyss:2  | Noticed an ancient lich
 40129 | Abyss:2  | Killed an ancient lich
 40149 | Elf:3    | Escaped the Abyss
 40782 | Vaults:1 | Entered Level 1 of the Vaults
 40891 | Vaults:1 | Found Wufrannu's Antique Weapon Shop.
 40897 | Vaults:1 | Identified the +7 hand axe "Yntank" {freeze, Int+5} (You
                  | found it on level 1 of the Vaults)
 41303 | Vaults:1 | Paralysed by a great orb of eyes for 3 turns
 41799 | Vaults:1 | Received a gift from Trog
 42481 | Vaults:2 | Found a staircase to the Crypt.
 42498 | Vaults:2 | Received a gift from Trog
 42498 | Vaults:2 | Reached XP level 20. HP: 120/140 MP: 20/20
 42521 | Vaults:2 | Paralysed by a vampire knight for 5 turns
 43079 | Vaults:2 | Found Fyijitwyat's Assorted Antiques.
 43154 | Vaults:2 | Noticed Boris
 43170 | Vaults:2 | Killed Boris
 43517 | Vaults:2 | Noticed Mennas
 44274 | D:5      | Bought a potion of heal wounds for 70 gold pieces
 44274 | D:5      | Bought a potion of heal wounds for 70 gold pieces
 44548 | Crypt:1  | Entered Level 1 of the Crypt
 46391 | Depths:1 | Found a gateway to a ziggurat.
 46585 | Depths:1 | Paralysed by a floating eye for 3 turns
 46603 | Depths:1 | Received a gift from Trog
 46993 | Depths:1 | Noticed a juggernaut
 47029 | Depths:1 | Killed a juggernaut
 47529 | Depths:1 | Found a gateway to Hell.
 48180 | D:15     | Killed Gorgoleon's ghost
 48209 | D:15     | Mangled by an orc knight

Skill      XL: |  1  2  3  4  5  6  7  8  9 10 11 12 13 14 15 16 17 18 19 20 |
---------------+-------------------------------------------------------------+-----
Axes           | 3 4 5 6 8 9 11 12 13 15 16 17 18 19 20 21 | 21.0
Dodging        | 2 3 4 5 6 |  6.7
Fighting       | 4 5 6 7 8 10 11 12 14 15 16 17 19 20 21 | 21.0
Armour         | 3 4 5 7 8 9 10 11 12 13 14 15 16 17 | 17.6
Stealth        | 1 2 3 4 |  4.8
Evocations     | |  0.2

Action                   |  1- 3 |  4- 6 |  7- 9 | 10-12 | 13-15 | 16-18 | 19-21 || total
-------------------------+-------+-------+-------+-------+-------+-------+-------++-------
Melee: Hand axe          |   124 |   301 |   255 |    17 |       |  2356 |  1419 ||  4472
       War axe           |       |       |    31 |   847 |   819 |       |       ||  1697
       Executioner's axe |       |       |       |       |   291 |    91 |       ||   382
       Battleaxe         |       |       |       |       |       |    16 |       ||    16
Invok: Berserk           |     1 |     3 |     5 |     6 |    15 |    28 |    12 ||    70
       Brothers in Arms  |       |       |       |     3 |     7 |     4 |     9 ||    23
 Abil: Fly               |       |       |       |       |     1 |       |       ||     1
Evoke: Lamp of fire      |       |       |       |       |       |     1 |       ||     1
       Wand              |       |       |       |       |       |     1 |       ||     1
  Use: Scroll            |       |       |     4 |    31 |     9 |    16 |     7 ||    67
       Potion            |       |       |       |       |     2 |     8 |     9 ||    19
 Stab: Distracted        |       |       |       |       |       |     1 |     2 ||     3
  Eat: Chunk             |     1 |     8 |    11 |    28 |    44 |    47 |    25 ||   164
       Ration            |       |     1 |     1 |     3 |     3 |     8 |     6 ||    22
Armor: Animal skin       |    57 |       |       |       |       |       |       ||    57
       Scale mail        |       |   106 |       |       |       |       |       ||   106
       Chain mail        |       |    88 |   127 |   201 |       |       |       ||   416
       Plate armour      |       |       |       |   568 |   806 |  1363 |   759 ||  3496
Dodge: Dodged            |   107 |   178 |   103 |   536 |   831 |  1302 |   727 ||  3784
Block: Other             |       |    17 |    28 |       |       |       |       ||    45
